 Dungeon Crawl Stone Soup version 0.18-a0-1577-gf591c28 (console) character file.

109 Liam the Magician (level 4, 0/27 HPs)
             Began as a High Elf Wizard on Mar 22, 2016.
             Slain by Liam's ghost (1 damage)
             ... on level 3 of the Dungeon.
             The game lasted 00:04:08 (3162 turns).

Liam the Magician (High Elf Wizard)                 Turns: 3162, Time: 00:04:08

Health: 0/27       AC:  6    Str:  6    XL:     4   Next: 60%
Magic:  4/21       EV: 11    Int: 22    God:
Gold:   92         SH:  0    Dex: 14    Spells: 5 memorised, 2 levels left

rFire  . . .     SeeInvis .     (no weapon)
rCold  . . .     Gourm    .     s - +2 leather armour {MR+}
rNeg   . . .     Faith    .     (no shield)
rPois  .         Spirit   .     b - +0 hat
rElec  .         Dismiss  .     t - +0 cloak (curse)
rCorr  .         Reflect  .     (no gloves)
SustAt .         Harm     .     (no boots)
MR     +....                    (no amulet)
Stlth  ++........               (no ring)
                                n - ring of magical power

@: flying, very slightly contaminated, somewhat resistant to hostile
enchantments, unstealthy
A: no striking features
a: no special abilities


You were on level 3 of the Dungeon.
You were hungry.

You visited 1 branch of the dungeon, and saw 3 of its levels.

You collected 92 gold pieces.

Inventory:

Armour
 b - a +0 hat (worn)
 s - a +2 leather armour of magic resistance (worn)
 t - a cursed +0 cloak (worn)
Jewellery
 n - a ring of magical power (left hand)
Scrolls
 a - a scroll of magic mapping {unknown}
 e - a scroll of recharging {unknown}
 f - 5 scrolls of identify {unknown}
 g - a scroll of immolation {unknown}
 h - a scroll of amnesia {unknown}
 p - 2 scrolls of teleportation {unknown}
 r - 2 scrolls of remove curse {unknown}
Potions
 i - a potion of haste {unknown}
 k - 2 potions of degeneration {unknown}
 l - a potion of brilliance {unknown}
 o - 2 potions of curing {unknown}
Books
 c - a book of Minor Magic

   Spells                             Type                      Level
   a - Magic Dart                     Conjuration                  1
   b - Blink                          Translocation                2
   c - Call Imp                       Summoning                    2
   d - Repel Missiles                 Charms/Air                   2
   e - Slow                           Hexes                        2
   f - Conjure Flame                  Conjuration/Fire             3
   g - Mephitic Cloud                 Conjuration/Poison/Air       3
Comestibles
 d - 2 bread rations
 m - a meat ration
 q - 2 beef jerkies


   Skills:
 - Level 2.1 Dodging
 - Level 2.1 Stealth
 + Level 5.2 Spellcasting
 + Level 3.2 Conjurations
   Level 0.8 Summonings
 - Level 1.1 Translocations


You had 2 spell levels left.
You knew the following spells:

 Your Spells              Type           Power        Failure   Level  Hunger
a - Magic Dart            Conj           ###.         4%          1    None
b - Blink                 Tloc           N/A          17%         2    None
d - Mephitic Cloud        Conj/Pois/Air  ##......     34%         3    ##.....
e - Conjure Flame         Conj/Fire      ##......     28%         3    ##.....
m - Repel Missiles        Chrm/Air       #.....       28%         2    None


Dungeon Overview and Level Annotations

Branches:
Dungeon (3/15)

Altars:
Nemelex Xobeh

Annotations:
D:3 Liam's ghost, amateur HEWz


Message History

The magic dart hits Liam's ghost.
Liam's ghost is severely damaged.
Liam's ghost stares at you.
Liam's ghost gestures at you while chanting.
The magic dart hits you!
* * * LOW HITPOINT WARNING * * *
Casting: Magic Dart
Confirm with . or Enter, or press ? or * to list all spells.
Aiming: Magic Dart
Press: ? - help, Shift-Dir - straight line, f/p - Liam's ghost
Aim: Liam's ghost (severely damaged, repelling missiles)
The magic dart hits Liam's ghost.
Liam's ghost is severely damaged.
Liam's ghost hits you.
* * * LOW HITPOINT WARNING * * *
Drink which item? (? for menu, Esc to quit)
It was a potion of flight.
You feel very buoyant.
You fly up into the air.
Liam's ghost hits you.
You die...

#.......###
#.........#
.##.##..##.##
#....<....+
....#..##...##
#.........#
####..##.._..##
######.##.#
.....##^.^....##
.#####.# #
###.##^........##....
..#
##.#...#####...#..#
###
#..##.'#.#.#'.##W.#
##...###..#..###@..#
.........###.......#
########..........##
####...##### #####


You could see Liam's ghost.

Vanquished Creatures
  Ijyb (D:3)
  An adder (D:2)
  An ooze (D:3)
  2 worms
  2 dart slugs (D:1)
  3 giant geckos
  10 bats
  2 giant cockroaches
  10 goblins
  5 hobgoblins (D:1)
  3 jackals (D:1)
  A quokka (D:2)
  A ball python (D:1)
  6 giant newts
  A kobold (D:2)
  9 rats
58 creatures vanquished.

Notes
Turn   | Place    | Note
--------------------------------------------------------------
     0 | D:1      | Liam the High Elf Wizard began the quest for the Orb.
     0 | D:1      | Reached XP level 1. HP: 11/11 MP: 6/6
   389 | D:1      | Reached skill level 4 in Spellcasting
   389 | D:1      | Reached XP level 2. HP: 17/17 MP: 6/8
   784 | D:1      | Learned a level 2 spell: Blink
  1148 | D:1      | Reached XP level 3. HP: 21/21 MP: 1/9
  2418 | D:2      | Reached XP level 4. HP: 23/27 MP: 11/11
  2518 | D:3      | Noticed Ijyb
  2539 | D:3      | Noticed Liam's ghost (amateur HEWz)
  2727 | D:2      | Learned a level 2 spell: Repel Missiles
  2731 | D:2      | Learned a level 3 spell: Conjure Flame
  2735 | D:2      | Learned a level 3 spell: Mephitic Cloud
  2872 | D:3      | Reached skill level 5 in Spellcasting
  2987 | D:3      | Killed Ijyb
  3128 | D:3      | Found a sparkling altar of Nemelex Xobeh.
  3161 | D:3      | HP: 1/27 [Liam's ghost (3)]
  3162 | D:3      | Slain by Liam's ghost

Vault maps used:
D:1:      dpeg_arrival_yet_another_circle, serial_corexii_hall,
          corexii_hall_statues_x, corexii_hall_statues_s, minivault_23,
          fountainhead
D:2:      kennysheep_generic_room_8
D:3:      first_bread, minmay_misc_feat_diagonals, nemelex_spade_bored_becter,
          uniq_iyjb, uniq_crazy_yiuf_cottage

Skill      XL: |  1  2  3  4 |
---------------+-------------+-----
Spellcasting   | 4 5 |  5.2
Conjurations   | 2 3 |  3.2
Dodging        | |  2.1
Stealth        | |  2.1
Summonings     | |  0.8
Translocations | |  1.1

Action                   |  1- 3 |  4- 6 || total
-------------------------+-------+-------++-------
Melee: Unarmed           |    23 |     2 ||    25
 Cast: Magic Dart        |   122 |    50 ||   172
  Use: Potion            |       |     1 ||     1
  Eat: Chunk             |     4 |     2 ||     6
